 Dungeon Crawl Stone Soup version 0.30-a0-1160-g6e42c06551 (webtiles) character file.

Game seed: 3906101789669889051

5558 browni3141 the Artisan of Death (level 10, -12/52 (74) HPs)
             Began as a Mummy Wanderer on Apr 26, 2023.
             Was a Priest of Kikubaaqudgha.
             Mangled by Urug
             ... wielding a +2 great mace of holy wrath
              (16 damage)
             ... on level 10 of the Dungeon.
             The game lasted 00:21:20 (11018 turns).

browni3141 the Artisan of Death (Mummy Wanderer)   Turns: 11018, Time: 00:21:21

HP:   -12/52 (74)   AC: 11    Str: 14    XL:     10   Next: 44%
MP:   15/22         EV: 10    Int: 15    God:    Kikubaaqudgha [***...]
Gold: 461           SH:  0    Dex: 14    Spells: 12/25 levels left

rFire   x . .        m - +2 dagger (venom)
rCold   + . .        (no shield)
rNeg    + + +        c - +2 scale mail
rPois   ∞            l - +0 helmet
rElec   .            (no cloak)
rCorr   .            u - +0 pair of gloves
SInv    .            (no boots)
Will    +....        (no amulet) Stlth
                     (no ring)
HPRegen 0.28/turn    (no ring)
MPRegen 0.18/turn

%: faith
@: very heavily drained
A: cold resistance 1, negative energy resistance 3, torment resistance 2, heat
vulnerability 1, in touch with death 1, no potions, faith
a: Renounce Religion, Unearth Wretches


You were on level 10 of the Dungeon.
You worshipped Kikubaaqudgha.
Kikubaaqudgha was most pleased with you.
You visited 2 branches of the dungeon, and saw 11 of its levels.

You collected 548 gold pieces.
You spent 87 gold pieces at shops.

Inventory:

Hand Weapons
 a - a +0 dagger
 g - a +0 spear
 m - a +2 dagger of venom (weapon)
 z - a +1 whip of flaming
Missiles
 b - 7 boomerangs (quivered)
 k - 28 poisoned darts
Armour
 c - a +2 scale mail (worn)
 h - an orb of guile
 l - a +0 helmet (worn)
 r - the +2 plate armour "Begockejich" {+Blink rCorr}
   (You found it on level 4 of the Dungeon)

   +Blink:    It lets you blink.
   rCorr:     It protects you from acid and corrosion.
 u - a +0 pair of gloves (worn)
Jewellery
 v - a ring of protection from cold
Wands
 p - a wand of charming (5)
Scrolls
 d - a scroll of fog
 e - 2 scrolls of brand weapon
 f - 2 scrolls of enchant weapon
 i - a scroll of magic mapping
 j - 3 scrolls of immolation
 n - 4 scrolls of teleportation
 o - a scroll of fear
 q - a scroll of butterflies
 s - a scroll of poison {unknown}
 t - 2 scrolls of enchant armour {unknown}
 w - a scroll of amnesia {unknown}
 x - a scroll of identify
Miscellaneous
 y - a phial of floods


   Skills:
 - Level 5.0 Fighting
 - Level 2.0 Short Blades
 - Level 3.2 Throwing
 - Level 5.0 Armour
 - Level 4.0 Dodging
 - Level 1.0 Stealth
 - Level 8.0 Spellcasting
 - Level 1.0 Conjurations
 * Level 9.8 Necromancy
 + Level 1.1 Ice Magic
 - Level 3.0 Evocations


You had 12 spell levels left.
You knew the following spells:

 Your Spells              Type           Power      Damage    Failure   Level
a - Kiss of Death         Conj/Necr      100%       2d13      4%          1
b - Vampiric Draining     Necr           52%        2d9       2%          3
c - Necrotise             Necr           100%       1d9       1%          1
d - Animate Dead          Necr           52%        N/A       8%          4
e - Dispel Undead         Necr           52%        3d19      8%          4

Your spell library contained the following spells:

 Spells                   Type           Power      Damage    Failure   Level
 Agony                    Necr           52%        N/A       22%         5
 Ensorcelled Hibernation  Hex/Ice        14%        N/A       50%         2
 Anguish                  Hex/Necr       15%        N/A       52%         4
 Lesser Beckoning         Tloc           12%        N/A       56%         2
 Passwall                 Tmut/Erth      5%         N/A       56%         2
 Dazzling Flash           Conj/Hex       14%        N/A       73%         3
 Gell's Gravitas          Tloc           6%         N/A       80%         3
 Swiftness                Air            6%         N/A       80%         3
 Teleport Other           Tloc           6%         N/A       80%         3
 Vhi's Electric Charge    Tloc/Air       12%        N/A       80%         3
 Volatile Blastmotes      Fire/Tloc      12%        2d11      80%         3
 Iskenderun's Mystic Bla  Conj/Tloc      7%         2d4       98%         4
 Leda's Liquefaction      Hex/Erth       3%         N/A       99%         4
 Arcjolt                  Conj/Air       3%         1d13      100%        5
 Lee's Rapid Deconstruct  Erth           3%         3d5*      100%        5
 Summon Forest            Summ/Tloc      3%         N/A       100%        5
 Eringya's Noxious Bog    Tmut/Pois      3%         N/A       100%        6
 Plasma Beam              Fire/Air       3%         2x1d14    100%        6
 Simulacrum               Ice/Necr       16%        N/A       100%        6
 Starburst                Conj/Fire      3%         6d3       100%        6
 Summon Hydra             Summ           3%         N/A       100%        7
 Maxwell's Capacitive Co  Air            3%         ∞         100%        8
 Chain Lightning          Conj/Air       3%         3d4       100%        9
 Fire Storm               Conj/Fire      3%         8d1       100%        9
 Shatter                  Erth           3%         3d7*      100%        9
 Statue Form              Tmut/Erth      Unusable   N/A       N/A         6

Dungeon Overview and Level Annotations

Branches:
Dungeon (10/15)            Temple (1/1) D:5
   Lair: D:8-11         Orc: D:9-12

Altars:
Ashenzari
Cheibriados
Gozag
Hepliaklqana
Kikubaaqudgha
Makhleb
Nemelex Xobeh
Okawaru
Qazlal
Ru
Sif Muna
Trog
Uskayaw
Vehumet
Wu Jian
Xom
Yredelemnul

Shops:
D:5 *

Annotations:
D:9 exclusion: downstairs
D:10 Urug
Temple 2 transporters


Innate Abilities, Weirdness & Mutations

You are immune to poison.
Your flesh is cold resistant. (rC+)
You are immune to negative energy. (rN+++)
You are immune to unholy pain and torment.
You are vulnerable to heat. (rF-)
You are in touch with the powers of death.
You do not drink.
You have a special connection with the divine. (Faith)


Message History

Aim: Urug, wielding a +2 great mace of holy wrath, wearing a +0 chain mail and quivering silver javelins (lightly wounded, chance to affect: 70%)
You feel a surge of power!
Urug writhes in agony!
Unknown command.
Unknown command.
Casting: Necrotise (safe; 1% risk of failure)
Confirm with . or Enter, or press ? or * to list all spells.
Aiming: Kiss of Death (safe; 4% risk of failure)
Press: ? - help, Shift-Dir - straight line, f/p - Urug
Aim: Urug, wielding a +2 great mace of holy wrath, wearing a +0 chain mail and quivering silver javelins (moderately wounded, 100% to hit)
You feel a surge of power!
The negative energy hits Urug!
Urug is drained!
Urug is moderately wounded.
You feel drained.
Urug hits you with a +2 great mace of holy wrath!
You convulse.
Unknown command.
Unknown command.
Casting: Kiss of Death (safe; 4% risk of failure)
Confirm with . or Enter, or press ? or * to list all spells.
Aiming: Kiss of Death (safe; 4% risk of failure)
Press: ? - help, Shift-Dir - straight line, f/p - Urug
Aim: Urug, wielding a +2 great mace of holy wrath, wearing a +0 chain mail and quivering silver javelins (moderately wounded, lightly drained, 100% to hit)
You feel a surge of power!
The negative energy hits Urug.
Urug is drained!
Urug is heavily wounded.
You feel drained.
Urug hits you with a +2 great mace of holy wrath!
You convulse!
Unknown command.
Unknown command.
Casting: Kiss of Death (safe; 4% risk of failure)
Confirm with . or Enter, or press ? or * to list all spells.
Aiming: Vampiric Draining (dangerous; 2% risk of failure)
Press: ? - help, Shift-Dir - straight line, f/p - Urug
Aim: Urug, wielding a +2 great mace of holy wrath, wearing a +0 chain mail and quivering silver javelins (heavily wounded, lightly drained)
You feel a surge of power!
You draw life force from Urug!
You feel life coursing into your body.
Urug hits you with a +2 great mace of holy wrath!!
* * * LOW HITPOINT WARNING * * *
You convulse!
You die...
Kikubaaqudgha rasps: "You have failed me!
Welcome... oblivion!"

..................
#..........##.....
#.............<...
#.............~.~.
#...............~.
#..............~~.
#..............~≈.
##.......o.....~~.
........@#+#...~~.
.........# #.....
....####.# ~~~..
.(.. #.. ≈~~. ...
..#. ≈~. .. ..#.
... ... . ....


You could see Urug (drained).

Vanquished Creatures
  Maggie (D:7)
  Grinder (D:3)
  2 hornets
  A wraith (D:9)
  A wyvern (D:5)
  A basilisk (D:8)
  3 steam dragons
  Menkaure (D:7)
  An acid dragon (D:8)
  4 water moccasins
  An orc warrior (D:4)
  A sky beast (D:7)
  3 black bears (D:6)
  An ice beast (D:7)
  An ogre (D:7)
  2 phantoms
  A kobold brigand (D:7)
  5 bullfrogs
  Blork the orc (D:5)
  2 gnoll sergeants (D:9)
  3 scorpions
  4 wights (D:9)
  6 killer bees
  5 howler monkeys
  2 hounds
  2 gnoll boudas (D:8)
  2 jellies
  4 orc priests
  Ijyb (D:3)
  A sleepcap (D:8)
  An iguana (D:8)
  6 orc wizards
  18 gnolls
  6 adders
  A shadow imp (D:7)
  A white imp (D:6)
  An ufetubus (D:4)
  A dart slug (D:3)
  48 orcs
  5 bats
  An endoplasm (D:4)
  3 giant cockroaches
  10 hobgoblins
  13 jackals
  6 kobolds
  4 quokkas
  4 ball pythons
  2 frilled lizards
  3 goblins
  4 rats (D:2)
202 creatures vanquished.

Vanquished Creatures (collateral kills)
  A killer bee (D:9)
  3 gnolls (D:9)
4 creatures vanquished.

Vanquished Creatures (others)
  A wight (D:9)
  4 killer bee zombies (D:9)
  3 gnoll zombies (D:9)
  35 fungi
  26 plants (D:10)
69 creatures vanquished.

Grand Total: 275 creatures vanquished

Notes
Turn   | Place    | Note
-------+----------+-------------------------------------------
     0 | D:1      | browni3141 the Mummy Wanderer began the quest for the Orb.
     0 | D:1      | browni3141 set off with the following items: a +0 dagger, 7
                  | boomerangs, a +2 scale mail, a scroll of fog; and the
                  | following spell memorised: Kiss of Death; and the following
                  | spells available to memorise: Vampiric Draining.
     0 | D:1      | Reached XP level 1. HP: 13/13 MP: 2/2
   142 | D:1      | Reached skill level 1 in Fighting
   222 | D:1      | Reached XP level 2. HP: 19/22 MP: 4/4
  1061 | D:2      | Gained mutation: You are in touch with the powers of death.
                  | [Mummy growth]
  1061 | D:2      | Reached XP level 3. HP: 27/27 MP: 5/5
  1415 | D:3      | Reached skill level 2 in Necromancy
  1559 | D:3      | Noticed Ijyb
  1585 | D:3      | Killed Ijyb
  1586 | D:3      | Reached skill level 1 in Conjurations
  1586 | D:3      | Reached XP level 4. HP: 27/33 MP: 6/6
  1636 | D:3      | Reached skill level 3 in Necromancy
  1653 | D:3      | Noticed Grinder
  1653 | D:3      | Paralysed by Grinder for 2 turns
  1662 | D:3      | Paralysed by Grinder for 3 turns
  1668 | D:3      | Paralysed by Grinder for 5 turns
  1671 | D:3      | Killed Grinder
  1672 | D:3      | Reached XP level 5. HP: 21/38 MP: 6/9
  1672 | D:3      | Reached XP level 6. HP: 25/44 MP: 6/10
  1677 | D:3      | Learned a level 3 spell: Vampiric Draining
  2331 | D:4      | Reached skill level 4 in Necromancy
  2838 | D:4      | Reached skill level 5 in Necromancy
  3087 | D:4      | Identified the +2 plate armour "Begockejich" {+Blink rCorr}
  3149 | D:4      | Noticed an orc warrior
  3166 | D:4      | Killed an orc warrior
  3167 | D:4      | Reached XP level 7. HP: 9/42 MP: 4/12
  3484 | D:5      | Entered Level 5 of the Dungeon
  3744 | D:5      | Reached skill level 5 in Spellcasting
  3744 | D:5      | Reached skill level 6 in Necromancy
  3804 | D:5      | Noticed a wyvern
  3812 | D:5      | Killed a wyvern
  3952 | D:5      | Noticed a steam dragon
  3953 | D:5      | Noticed a steam dragon
  3985 | D:5      | Killed a steam dragon
  3986 | D:5      | Reached XP level 8. HP: 32/56 MP: 15/15
  4279 | D:5      | Found Niretan's Assorted Antiques.
  4303 | D:5      | Bought a scroll of identify for 58 gold pieces
  4303 | D:5      | Bought a scroll labelled KIBYCO YXOING for 29 gold pieces
  4313 | D:5      | Found a staircase to the Ecumenical Temple.
  4338 | Temple   | Entered the Ecumenical Temple
  4338 | Temple   | Found a transporter.
  4338 | Temple   | Found a transporter.
  4340 | Temple   | Found a transporter.
  4340 | Temple   | Found a transporter.
  4354 | Temple   | Became a worshipper of Kikubaaqudgha
  4530 | D:5      | Noticed Blork the orc
  4540 | D:5      | Killed Blork the orc
  4541 | D:5      | Reached skill level 5 in Armour
  4858 | D:6      | Reached skill level 1 in Evocations
  5418 | D:6      | Reached skill level 7 in Necromancy
  5987 | D:6      | Reached skill level 8 in Necromancy
  5987 | D:6      | Reached XP level 9. HP: 58/61 MP: 16/16
  6000 | D:6      | Reached * piety under Kikubaaqudgha
  6000 | D:6      | Received a gift from Kikubaaqudgha
  6009 | D:6      | Learned a level 1 spell: Necrotise
  6014 | D:6      | Learned a level 4 spell: Animate Dead
  6313 | D:7      | Noticed Menkaure
  6336 | D:7      | Killed Menkaure
  6505 | D:7      | Noticed Maggie
  6523 | D:7      | Killed Maggie
  6528 | D:7      | HP: 3/64 [ogre/+0 giant club (30)]
  7649 | D:8      | Reached skill level 5 in Fighting
  7657 | D:8      | Reached ** piety under Kikubaaqudgha
  7658 | D:8      | Reached skill level 1 in Dodging
  8469 | D:8      | Noticed a wizard
  8469 | D:8      | Noticed a troll
  8610 | D:8      | Reached XP level 10. HP: 52/74 MP: 22/22
  8745 | D:8      | Noticed a deep elf pyromancer
  8745 | D:8      | Noticed a tengu warrior
  9061 | D:8      | Noticed a seven-headed hydra
  9067 | D:8      | Noticed a deep elf pyromancer
  9338 | D:9      | Found a basalt altar of Yredelemnul.
  9365 | D:9      | Reached skill level 9 in Necromancy
  9662 | D:9      | Reached *** piety under Kikubaaqudgha
  9662 | D:9      | Received a gift from Kikubaaqudgha
  9978 | D:8      | Learned a level 4 spell: Dispel Undead
 10154 | D:9      | Found a sparkling altar of Nemelex Xobeh.
 10237 | D:9      | Reached skill level 1 in Ice Magic
 10663 | D:10     | Entered Level 10 of the Dungeon
 11007 | D:10     | Noticed Urug
 11018 | D:10     | Mangled by Urug

Illustrated notes

Levels and vault maps discovered:
D:1:      dpeg_arrival_round_b, layout_basic
D:2:      layout_basic, due_unseen_surprise
D:3:      layout_loops_cross, uniq_ijyb, uniq_grinder
D:4:      layout_loops_ring, kennysheep_generic_room_7
D:5:      kennysheep_steamy, layout_loops_ring, minmay_temple_entry_mini_moons,
          serial_shops, shop, minmay_holes, dk_rats_in_the_wall,
          uniq_blork_the_orc
D:6:      layout_basic
D:7:      layout_cave_pods, uniq_menkaure, uniq_maggie
D:8:      layout_gridville, serial_glass, glass_columns_c, glass_columns_c,
          glass_columns_c, glass_columns_c, glass_columns_a, glass_columns_c,
          onia_ninara_dug_in_and_dangerous
D:9:      layout_basic, mainiacjoe_overflow_catwalk,
          nemelex_xobeh_ov_fountains_minmay
D:10:     layout_basic, nicolae_dithmenos_shadow_blocks,
          due_lair_maze_entry_diamond, serial_shops, nicolae_shop_hallway_plus,
          uniq_urug
Temple:   hellmonk_temple_divided_pantheon

Skill      XL: |  1  2  3  4  5  6  7  8  9 10 |
---------------+-------------------------------+-----
Fighting       | 1 2 5 |  5.0
Necromancy     | 2 3 5 6 8 9 |  9.8
Conjurations   | 1 |  1.0
Short Blades   | 2 |  2.0
Armour         | 3 4 5 |  5.0
Spellcasting   | 3 5 8 |  8.0
Evocations     | 3 |  3.0
Dodging        | 4 |  4.0
Ice Magic      | 1 |  1.1
Throwing       | |  3.2
Stealth        | |  1.0

Action                     |  1- 3 |  4- 6 |  7- 9 | 10-12 || total
---------------------------+-------+-------+-------+-------++-------
  Melee: Dagger            |   218 |   148 |   460 |   170 ||   996
         Punch             |     1 |     1 |     5 |     3 ||    10
  Throw: Boomerang         |    15 |    12 |    51 |    31 ||   109
   Cast: Kiss of Death     |       |     2 |       |     2 ||     4
         Vampiric Draining |       |     1 |    20 |    13 ||    34
         Necrotise         |       |       |     1 |     3 ||     4
         Dispel Undead     |       |       |       |     4 ||     4
         Animate Dead      |       |       |       |     1 ||     1
  Evoke: Wand              |       |       |     8 |     1 ||     9
    Use: Scroll            |     3 |       |     3 |     1 ||     7
 Armour: Scale mail        |   123 |    77 |   262 |    88 ||   550
  Dodge: Dodged            |   122 |    79 |   231 |   139 ||   571

Table legend: (Time is in decaauts)
 A = Elapsed time spent in this place.
 B = Non-inter-level travel time spent in this place.
 C = Inter-level travel time spent in this place.
 D = Time resting spent in this place.
 E = Time spent auto-exploring this place.
 F = Levels seen in this place.
 G = Mean time per level.
                   A        B        C        D        E       F      G
               +--------+--------+--------+--------+--------+-----+--------+
         Total |  10986 |  10401 |    585 |    908 |   7292 |  11 |  998.7 |
       Dungeon |  10954 |  10369 |    585 |    908 |   7292 |  10 | 1095.4 |
        Temple |     31 |     31 |      0 |      0 |      0 |   1 |   31.0 |
               +--------+--------+--------+--------+--------+-----+--------+

Top non-repeatable levels by time:
     D:9: 1880 daAuts
     D:8: 1477 daAuts
     D:7: 1476 daAuts
     D:6: 1382 daAuts
     D:4: 1232 daAuts
     D:5: 1164 daAuts
     D:3: 912 daAuts
     D:1: 817 daAuts
     D:2: 578 daAuts
    D:10: 33 daAuts
  Temple: 31 daAuts
